Map: Jagannatha LE

Players

StarDuck - Winner!

  • Race: Protoss Protoss

MeomaikA

  • Race: Zerg Zerg

Event: DreamHack SC2 Masters 2021 Fall

VOD

Have the link to the VOD?

Description

Time

  • Played on: July 29, 2021, 5:48 a.m.
  • Length: 13:42

All games in this series

Show
View Real Time Build Order
Export as new Build Order

StarDuck Protoss - Winner!

Build Orders: 1 Gate Expand, Oracle Opening 

Get SALT Encoding   

  12  0:00  Probe  
  13  0:12  Probe  
  14  0:20  Pylon  
  14  0:24  Probe  
  15  0:38  Gateway, Probe (Chrono Boost)  
  16  0:48  Assimilator, Probe (Chrono Boost)  
  17  0:53  Probe (Chrono Boost)  
  18  1:04  Probe  
  19  1:16  Probe  
  20  1:25  Nexus  
  20  1:36  Cybernetics Core  
  20  1:39  Probe  
  21  1:45  Assimilator  
  21  2:00  Pylon  
  20  2:03  Probe  
  21  2:09  Adept (Chrono Boost)  
  21  2:13  Gateway  
  23  2:18  Probe  
  24  2:29  Stargate  
  24  2:35  Adept  
  26  2:41  Probe (Chrono Boost)  
  27  2:46  Probe (Chrono Boost)  
  27  2:47  Warp Gate  
  28  2:53  Probe (Chrono Boost)  
  28  2:57  Probe (Chrono Boost)  
  30  2:59  Probe (Chrono Boost)  
  31  3:07  Void Ray  
  31  3:08  Probe  
  32  3:16  Probe  
  37  3:22  Probe (Chrono Boost)  
  38  3:28  Probe (Chrono Boost)  
  38  3:31  Adept  
  40  3:34  Gateway  
  40  3:37  Probe (Chrono Boost)  
  40  3:38  Probe (Chrono Boost)  
  40  3:41  Pylon  
  41  3:43  Probe (Chrono Boost)  
  41  3:44  Probe  
  41  3:48  Assimilator  
  43  3:50  Assimilator  
  43  3:51  Oracle (Chrono Boost)  
  46  3:59  Probe x2  
  46  4:02  Pylon  
  48  4:11  Probe  
  48  4:14  Stargate  
  49  4:19  Probe  
  49  4:23  Probe  
  51  4:29  Nexus  
  51  4:31  Pylon  
  51  4:35  Stalker  
  51  4:39  Stalker  
  51  4:44  Void Ray  
  45  4:57  Pylon  
  39  5:16  Gateway  
  39  5:17  Adept  
  41  5:25  Probe x2  
  43  5:37  Probe  
  43  5:40  Probe  
  45  5:49  Probe (Chrono Boost)  
  46  5:53  Gateway, Probe (Chrono Boost)  
  46  5:54  Adept  
  46  5:56  Shield Battery  
  49  5:59  Void Ray (Chrono Boost)  
  49  6:02  Probe (Chrono Boost)  
  50  6:06  Probe (Chrono Boost)  
  56  6:11  Probe (Chrono Boost)  
  56  6:13  Pylon, Probe (Chrono Boost)  
  56  6:16  Probe (Chrono Boost)  
  58  6:19  Probe  
  59  6:33  Nexus  
  59  6:36  Pylon, Void Ray (Chrono Boost)  
  63  6:52  Void Ray (Chrono Boost)  
  63  6:58  Probe (Chrono Boost)  
  68  7:02  Protoss Air Weapons Level 1  
  68  7:03  Probe (Chrono Boost)  
  70  7:09  Probe (Chrono Boost)  
  70  7:11  Adept  
  70  7:12  Adept  
  74  7:31  Probe x2  
  74  7:35  Pylon  
  76  7:37  Robotics Facility  
  76  7:40  Forge  
  76  7:42  Void Ray (Chrono Boost)  
  76  7:44  Probe (Chrono Boost)  
  76  7:45  Probe (Chrono Boost)  
  76  7:46  Probe (Chrono Boost)  
  83  7:55  Probe (Chrono Boost)  
  83  7:56  Probe x2 (Chrono Boost)  
  82  8:00  Probe (Chrono Boost)  
  82  8:02  Probe  
  82  8:03  Probe  
  85  8:07  Void Ray (Chrono Boost)  
  85  8:15  Shield Battery  
  85  8:18  Shield Battery  
  89  8:23  Void Ray (Chrono Boost)  
  89  8:27  Photon Cannon, Sentry x2  
  95  8:29  Photon Cannon  
  95  8:31  Photon Cannon  
  97  8:39  Robotics Bay  
  85  8:58  Void Ray x2 (Chrono Boost)  
  85  8:59  Zealot  
  85  9:00  Zealot  
  89  9:06  Probe x2  
  89  9:07  Probe  
  91  9:18  Pylon, Probe  
  91  9:22  Pylon  
  92  9:25  Adept x2  
  92  9:28  Void Ray (Chrono Boost)  
  96  9:33  Gateway  
  96  9:34  Gateway  
  100  9:41  Disruptor (Chrono Boost), Void Ray  
  98  9:50  Zealot  
  99  10:00  Gateway  
  99  10:04  Void Ray (Chrono Boost)  
  99  10:09  Disruptor (Chrono Boost)  
  94  10:24  Void Ray (Chrono Boost)  
  94  10:28  Probe x3  
  85  10:33  Pylon  
  85  10:35  Pylon  
  89  10:36  Assimilator  
  89  10:38  Disruptor, Void Ray (Chrono Boost)  
  89  10:39  Photon Cannon x2  
  89  10:40  Photon Cannon, Probe x3  
  89  10:41  Assimilator, Photon Cannon  
  99  10:52  Probe  
  100  10:59  Phoenix (Chrono Boost)  
  102  11:11  Cybernetics Core  
  102  11:13  Zealot x2  
  102  11:14  Phoenix (Chrono Boost)  
  108  11:22  Phoenix (Chrono Boost)  
  110  11:32  Phoenix (Chrono Boost)  
  107  11:39  Fleet Beacon, Phoenix  
  109  11:41  Probe  
  109  11:42  Probe  
  113  11:47  Photon Cannon  
  113  11:48  Void Ray (Chrono Boost)  
  113  11:54  Probe x2  
  113  12:00  Pylon  
  113  12:01  Pylon, Zealot x2  
  123  12:09  Void Ray (Chrono Boost)  
  127  12:28  Carrier (Chrono Boost)  
  133  12:42  Nexus, Zealot x2  
  133  12:44  Pylon  
  137  12:46  Pylon  
  137  12:47  Twilight Council  
  137  12:49  Gateway  
  137  12:50  Pylon  
Show
View Real Time Build Order
Export as new Build Order

MeomaikA Zerg 

Build Orders: Pool First, Zergling Baneling 

Get SALT Encoding   

  12  0:00  Drone  
  13  0:08  Drone  
  14  0:16  Overlord  
  14  0:24  Extractor, Drone  
  15  0:35  Drone x2  
  17  0:45  Spawning Pool  
  17  0:48  Drone  
  17  0:56  Drone  
  18  1:02  Extractor  
  17  1:05  Drone  
  18  1:29  Hatchery  
  18  1:31  Zergling x4  
  19  1:32  Queen  
  19  1:37  Drone  
  22  1:47  Overlord  
  22  2:04  Metabolic Boost  
  22  2:06  Drone  
  23  2:09  Drone  
  23  2:11  Queen  
  26  2:20  Drone  
  27  2:31  Drone  
  28  2:41  Drone x3  
  28  2:42  Drone  
  28  2:43  Drone  
  33  2:56  Drone  
  33  2:57  Drone  
  33  3:05  Extractor  
  32  3:06  Drone x2  
  34  3:13  Overlord  
  34  3:15  Drone  
  34  3:17  Drone  
  34  3:20  Drone  
  34  3:21  Overlord  
  35  3:27  Baneling Nest  
  35  3:28  Zergling x2  
  35  3:32  Zergling x2  
  36  3:37  Zergling x6  
  36  3:39  Zergling x2  
  38  3:49  Zergling x4  
  38  3:53  Queen  
  44  3:59  Zergling x2  
  44  4:00  Zergling x2  
  46  4:05  Zergling x6  
  47  4:11  Baneling x9  
  47  4:12  Zergling x6  
  47  4:13  Zergling x2  
  47  4:15  Baneling  
  47  4:16  Baneling  
  51  4:21  Overlord  
  51  4:30  Overlord x2  
  48  4:40  Zergling x2  
  48  4:42  Zergling x2  
  48  4:44  Zergling x4  
  48  4:45  Zergling x2  
  50  4:48  Zergling x6  
  50  4:51  Zergling x2  
  51  4:55  Zergling x2  
  51  5:01  Drone  
  51  5:06  Drone  
  51  5:08  Queen, Drone  
  51  5:09  Drone  
  51  5:11  Drone  
  52  5:14  Drone  
  52  5:18  Drone  
  52  5:19  Baneling  
  53  5:25  Queen, Extractor  
  53  5:28  Drone x2  
  53  5:36  Drone x4  
  53  5:42  Spore Crawler  
  53  5:44  Spore Crawler  
  53  5:46  Lair  
  53  5:48  Drone  
  53  5:49  Drone  
  54  6:00  Drone x2  
  54  6:01  Extractor, Drone x2  
  57  6:05  Drone x2  
  59  6:14  Hatchery  
  59  6:17  Spore Crawler  
  57  6:19  Queen  
  59  6:31  Drone x6  
  59  6:32  Drone  
  66  6:38  Overlord  
  66  6:44  Hydralisk Den  
  65  6:52  Drone x4  
  67  6:56  Queen x2  
  71  7:05  Overlord x2  
  70  7:21  Hydralisk  
  66  7:25  Hydralisk x3  
  66  7:26  Hydralisk  
  66  7:27  Muscular Augments, Hydralisk  
  74  7:32  Hydralisk  
  74  7:34  Hydralisk  
  77  7:38  Hydralisk  
  77  7:40  Hydralisk  
  77  7:43  Hydralisk  
  83  7:45  Hydralisk  
  83  7:50  Hydralisk  
  87  7:52  Hydralisk  
  89  7:59  Overlord  
  89  8:00  Overlord  
  83  8:13  Overlord  
  83  8:20  Hydralisk x3  
  83  8:21  Hydralisk  
  83  8:26  Hydralisk  
  93  8:32  Zergling x8  
  97  8:37  Hydralisk  
  97  8:38  Grooved Spines  
  97  8:39  Hydralisk  
  95  8:52  Hydralisk x2  
  99  9:00  Hydralisk  
  94  9:03  Hydralisk  
  94  9:07  Zergling x2  
  94  9:08  Zergling x14  
  87  9:10  Hydralisk  
  87  9:16  Extractor, Hydralisk  
  89  9:21  Hydralisk  
  91  9:28  Hydralisk  
  91  9:31  Queen, Zergling x4  
  95  9:37  Hydralisk  
  98  9:40  Hydralisk  
  98  9:43  Zergling x4  
  97  9:46  Zergling x2  
  97  9:48  Hydralisk  
  97  9:53  Hydralisk  
  97  9:58  Hydralisk  
  99  10:05  Hydralisk  
  98  10:07  Zergling x4  
  98  10:08  Zergling x4  
  98  10:09  Zergling x2  
  98  10:12  Hydralisk  
  100  10:18  Hydralisk  
  93  10:23  Hydralisk  
  93  10:28  Drone x4  
  73  10:29  Hydralisk  
  73  10:30  Extractor  
  74  10:37  Drone  
  74  10:39  Drone  
  74  10:40  Drone  
  77  10:45  Drone  
  78  10:51  Hydralisk  
  78  10:52  Hydralisk  
  78  10:56  Drone  
  83  11:02  Hydralisk x2  
  85  11:08  Drone x2, Spire  
  85  11:09  Drone x2  
  88  11:12  Drone  
  88  11:15  Extractor, Drone x2  
  88  11:17  Drone  
  91  11:22  Drone x2  
  91  11:23  Drone  
  94  11:31  Drone x2  
  93  11:39  Drone x2  
  97  11:40  Drone x2  
  97  11:51  Overlord  
  97  11:52  Hatchery, Overlord x2  
  95  12:19  Corruptor x6  
  95  12:20  Corruptor  
  109  12:23  Corruptor  
  109  12:26  Hydralisk  
  109  12:29  Hydralisk  
  115  12:31  Hydralisk  
  115  12:43  Corruptor x3  
  121  12:51  Corruptor  
  121  12:52  Corruptor  
  121  12:57  Corruptor  
  127  13:00  Mutalisk  
  127  13:02  Mutalisk  
  127  13:06  Hydralisk  
  127  13:11  Hydralisk x2  
  120  13:15  Hydralisk  
  120  13:17  Hydralisk  

Tags
 
Add a new tag
Caveats
  • Supply blocks, unpowered buildings, or Contaminate may cause inaccurate times.
  • Supply counts are checked every 10 seconds.